 Dungeon Crawl Stone Soup version 0.27.1-1-g398f81649c (webtiles) character file.

Game seed: 9864184289251554216

1 acemry the Insei (level 1, -1/13 HPs)
             Began as an Octopode Transmuter on Sept 8, 2021.
             Slain by a gnoll (9 damage)
             ... on level 1 of the Dungeon.
             The game lasted 00:00:35 (201 turns).

acemry the Insei (Octopode Transmuter)               Turns: 201, Time: 00:00:36

Health: -1/13      AC:  1    Str:  9    XL:     1   Next: 20%
Magic:  2/3        EV: 13    Int: 15    God:
Gold:   12         SH:  0    Dex: 12    Spells: 3/4 levels left

rFire    . . .     SeeInvis .   b - +0 dagger
rCold    . . .     Faith    .   (no shield)
rNeg     . . .     Spirit   .   (helmet currently unavailable)
rPois    .         Reflect  .   (no amulet)
rElec    .         Harm     .   (no ring)
rCorr    .         Rampage  .   (no ring)
Will     .....                  (no ring)
Stlth    ++........             (no ring)
HPRegen  0.04/turn              (no ring)
MPRegen  0.08/turn              (no ring)
                                (no ring)
                                (no ring)

@: appendages (expiring)
A: tentacle spike 3, almost no armour, amphibious, 8 rings, camouflage 1,
gelatinous body 1, (nimble swimmer 1), tentacles
a: End Transformation


You were on level 1 of the Dungeon.
One of your tentacles had grown a beastly spike.
You visited 1 branch of the dungeon, and saw 1 of its levels.

You collected 12 gold pieces.

Inventory:

Hand Weapons
 b - a +0 dagger (weapon)
Scrolls
 a - a scroll of identify {unknown}


   Skills:
 - Level 1.0 Fighting
 - Level 2.0 Dodging
 - Level 3.0 Unarmed Combat
 - Level 2.0 Spellcasting
 + Level 2.1 Transmutations


You had 3 spell levels left.
You knew the following spells:

 Your Spells              Type           Power      Damage    Failure   Level
a - Beastly Appendage     Tmut           14%        N/A       10%         1

Your spell library contained the following spells:

 Spells                   Type           Power      Damage    Failure   Level
 Wereblood                Tmut           7%         N/A       14%         2
 Spider Form              Tmut/Pois      2%         N/A       41%         3
 Ice Form                 Ice/Tmut       4%         N/A       82%         4


Dungeon Overview and Level Annotations

Branches:
Dungeon (1/15)

Altars:


Innate Abilities, Weirdness & Mutations

One of your tentacles has grown a beastly spike.
You cannot wear most types of armour.
You are amphibious.
You can wear up to eight rings at the same time.
Your skin changes colour to match your surroundings (Stealth+).
Your rubbery body absorbs attacks. (AC +1, EV +1)
((You are camouflaged near water. (Stealth+)))
You have tentacles for arms and can constrict up to eight enemies at once.


Message History

The goblin barely misses you.
You closely miss the goblin. Your grab misses the goblin.
You closely miss the goblin. Your grab misses the goblin.
You squeeze the goblin.
The goblin is heavily wounded.
The goblin closely misses you.
You closely miss the goblin. You grab the goblin.
The goblin is heavily wounded.
You constrict the goblin, but do no damage.
The goblin hits you with a +0 dagger.
You tentacle-slap the goblin but do no damage.
The goblin is heavily wounded.
You constrict the goblin, but do no damage.
The goblin hits you with a +0 dagger.
You tentacle-slap the goblin but do no damage.
You squeeze the goblin.
You kill the goblin!
One of your tentacles grows a vicious spike.
Your magical contamination has completely faded away.
No target in view!
Your transformation is almost over.
Your tentacle spike disappears.
Magic restored.
HP restored.
You see here a +0 dagger.
A gnoll comes into view. It is wielding a +0 spear.
A gnoll is nearby!
One of your tentacles grows a vicious spike.
The gnoll shouts!
Your transformation is almost over.
Your tentacle spike disappears.
You see here a +0 dagger.
b - a +0 dagger (weapon)
One of your tentacles grows a vicious spike.
Your transformation is almost over.
The gnoll hits you with a +0 spear.
You barely miss the gnoll. Your grab misses the gnoll.
The gnoll hits you with a +0 spear!
Ouch! That really hurt!
You die...

####..
..#.# #...
#..# #..##
#...#
#.#.##
#.#..#
##@##.##
#.g##..#
#.####.#
#.# #.# #.#
#.# #.#
#.## #.#
#..# #.#
##.#
##.#####.##


You could see a gnoll.

Vanquished Creatures
  A goblin (D:1)
1 creature vanquished.

Notes
Turn   | Place    | Note
-------+----------+-------------------------------------------
     0 | D:1      | acemry the Octopode Transmuter began the quest for the Orb.
     0 | D:1      | Reached XP level 1. HP: 13/13 MP: 3/3
   201 | D:1      | Slain by a gnoll

Illustrated notes

Levels and vault maps discovered:
D:1:      eino_arrival_cavern_d, layout_basic, bh_walls_and_bars

Action                   || total
-------------------------++-------
Melee: Unarmed           ||     5
       Tentacles         ||     2
       Dagger            ||     1
       Constrict         ||     1
 Cast: Beastly Appendage ||     3
Dodge: Dodged            ||     2
